 Dungeon Sprint DCSS version 0.31-a0-37-g98a128e1d9 (webtiles) character file.

Game seed: 15074697904397992513

299 sircluck the Grappler (level 6, -4/68 HPs)
             Began as a Troll Berserker on May 15, 2023.
             Was a Believer of Trog.
             Slain by Sonja
             ... wielding a +2 dagger of distortion
              (6 damage)
             ... in the Dungeon (Sprint I: "Red Sonja").
             The game lasted 00:01:50 (121 turns).

sircluck the Grappler (Troll Berserker)              Turns: 121, Time: 00:01:50

Health: -4/68      AC:  4    Str: 28    XL:     6   Next: 13%
Magic:  5/5        EV: 11    Int:  3    God:    Trog [**....]
Gold:   162        SH:  0    Dex:  9    Spells: 5/5 levels left

rFire   . .          .
                       - Unarmed
rCold   . . .        (no shield)
rNeg    . . .        a - +0 animal skin
rPois   .            (helmet restricted)
rElec   .            (no cloak)
rCorr   .            (gloves unavailable)
SInv    .            (boots unavailable)
Will    .....        (no amulet)
Stlth   +            (no ring)
HPRegen 1.11/turn    (no ring)
MPRegen 0.09/turn

%: no teleportation
@: no status effects
A: large, unfitting armour, claws 3, regeneration 1, shaggy fur 1, tough skin 1
a: Renounce Religion, Berserk, Trog's Hand


You were in the Dungeon.
You worshipped Trog.
Trog was pleased with you.
You visited 1 branch You collected 162 gold pieces.

Inventory:

Armour
 a - a +0 animal skin (worn)
Scrolls
 g - a scroll of blinking
Potions
 b - a potion of curing
 c - a potion of heal wounds
 d - a potion of haste
 e - 2 potions of magic
 f - a potion of berserk rage


   Skills:
 + Level 6.6 Fighting
 + Level 6.3 Dodging
 + Level 8.6 Unarmed Combat


You had 5 spell levels left.
You didn't know any spells.
Your spell library was empty.

Dungeon Overview and Level Annotations

Branches:
Dungeon (1/1)

Altars:
Sif Muna
Vehumet
Wu Jian

Annotations:
D Sonja


Innate Abilities, Weirdness & Mutations

You are too large for most types of armour.
You have claws for hands.
Your natural rate of healing is unusually fast.
You are covered in fur. (AC +1)
You have tough skin. (AC +1)


Message History

Sigmund is almost dead.
You scratch Sigmund.
You kill Sigmund!
Trog accepts your kill.
Trog appreciates your killing of a magic user.
Your Fighting skill increases to level 6!
Your Dodging skill increases to level 6!
Your Unarmed Combat skill gained 2 levels and is now at level 8!
You have reached level 6!
You feel stronger.
Things that are here:
a +0 scythe; a +0 robe; the human corpse of Sigmund You start resting.
HP restored.
You open the door.
Sonja, the Graceful Assassin comes into view.
She is wielding a +2 dagger of distortion, quivering curare-tipped darts and carrying a wand of charming (7).
Sonja throws a curare-tipped dart.
The curare-tipped dart barely misses you.
Sonja throws a curare-tipped dart.
The curare-tipped dart misses you.
Found 108 gold pieces.
You throw a large rock. The large rock misses Sonja.
Sonja mumbles some strange words.
Sonja blinks!
You throw a large rock. The large rock closely misses Sonja.
Sonja hits you with a +2 dagger of distortion.
Space warps horribly around you!!
Sonja hits you with a +2 dagger of distortion.
Sonja barely misses you.
Sonja hits you with a +2 dagger of distortion. x2
Space warps horribly around you!
Sonja hits you with a +2 dagger of distortion.
Space warps horribly around you!
* * * LOW HITPOINT WARNING * * *
There is an open door here.
Unknown command.
You completely miss Sonja. Your claw misses Sonja.
Sonja hits you with a +2 dagger of distortion!
* * * LOW HITPOINT WARNING * * *
Space warps around you.
You die...

#<.#..)..#..'..#
#..)..#..'..#..+
#..#####'#####'#
#..# #..# #$#
#..# #### ##.#
#..# #+#_.+ #⌠⌠#
+..._# ####
#_)#+# ##@# #K#
$.$ #$.$# ##(##
#+#


You could see Sonja.

Vanquished Creatures
  Sigmund (D)
  An ogre (D)
  A jelly (D)
  Ijyb (D)
4 creatures vanquished.

Notes
Turn   | Place    | Note
-------+----------+-------------------------------------------
     0 | D        | sircluck the Troll Berserker began the quest for the Orb.
     0 | D        | Reached XP level 1. HP: 22/22 MP: 0/0
     2 | D        | Noticed Ijyb
    14 | D        | Killed Ijyb
    15 | D        | Reached skill level 4 in Unarmed Combat
    15 | D        | Reached XP level 2. HP: 29/32 MP: 1/1
    33 | D        | Noticed an ogre
    39 | D        | Killed an ogre
    40 | D        | Reached skill level 5 in Fighting
    40 | D        | Reached skill level 6 in Unarmed Combat
    40 | D        | Reached XP level 3. HP: 30/42 MP: 2/2
    40 | D        | Reached XP level 4. HP: 36/50 MP: 3/3
    58 | D        | Noticed Sigmund
    85 | D        | Found an ornate altar of the Wu Jian Council.
    85 | D        | Found a shimmering blue altar of Sif Muna.
    87 | D        | Found a radiant altar of Vehumet.
    92 | D        | Reached ** piety under Trog
    93 | D        | Reached skill level 5 in Dodging
    93 | D        | Reached XP level 5. HP: 57/57 MP: 4/4
   105 | D        | Killed Sigmund
   106 | D        | Reached skill level 8 in Unarmed Combat
   106 | D        | Reached XP level 6. HP: 55/68 MP: 5/5
   117 | D        | Noticed Sonja
   121 | D        | HP: 2/68 [Sonja/+2 dagger of distortion (7)]
   121 | D        | Slain by Sonja

Illustrated notes

Levels and vault maps discovered:
D:        dungeon_sprint_1 [red_sonja_temple_1, red_sonja_temple_small_1]

Skill      XL: |  1  2  3  4  5 |
---------------+----------------+-----
Fighting       | 3 5 6 |  6.6
Dodging        | 3 4 5 6 |  6.3
Unarmed Combat | 4 6 8 |  8.6

Action                     |  1- 3 |  4- 6 || total
---------------------------+-------+-------++-------
  Melee: Unarmed           |    11 |    13 ||    24
  Throw: Large rock        |       |     2 ||     2
 Invoke: Berserk           |     1 |       ||     1
  Evoke: Wand              |       |     1 ||     1
 Armour: Animal skin       |     1 |       ||     1
  Dodge: Dodged            |     3 |     9 ||    12

Table legend: (Time is in decaauts)
 A = Elapsed time spent in this place.
 B = Non-inter-level travel time spent in this place.
 C = Inter-level travel time spent in this place.
 D = Time resting spent in this place.
 E = Time spent auto-exploring this place.
 F = Levels seen in this place.
 G = Mean time per level.
                   A        B        C        D        E       F      G
               +--------+--------+--------+--------+--------+-----+--------+
         Total |    129 |    129 |      0 |     31 |      0 |   1 |  129.0 |
       Dungeon |    129 |    129 |      0 |     31 |      0 |   1 |  129.0 |
               +--------+--------+--------+--------+--------+-----+--------+

Top non-repeatable levels by time:
       D: 129 daAuts
